 Dungeon Crawl Stone Soup version 0.30-a0-639-g3916f1956a (webtiles) character file.

Game seed: 3298809908361885888

1226 mandoloar the Basher (level 8, -1/48 HPs)
             Began as a Gargoyle Fighter on Jan 17, 2023.
             Killed from afar by a steam dragon (5 damage)
             ... with a ball of steam
             ... on level 5 of the Dungeon.
             The game lasted 00:10:23 (4191 turns).

mandoloar the Basher (Gargoyle Fighter)             Turns: 4191, Time: 00:10:23

Health: -1/48      AC: 14    Str: 22    XL:     8   Next: 47%
Magic:  8/8        EV: 14    Int:  9    God:
Gold:   184        SH:  4    Dex:  9    Spells: 7/7 levels left

rFire   . . .      SeeInvis .    a - +10 hammer "Suiham" {freeze, +Blink}
rCold   + . .      Faith    .    c - +0 buckler
rNeg    + . .      Spirit   .    b - +0 scale mail
rPois   ∞          Reflect  .    (no helmet)
rElec   +          Harm     .    e - +0 cloak
rCorr   .          Rampage  .    (no gloves)
Will    .....                    k - +0 pair of boots Stlth
                                 (no amulet)
HPRegen 0.28/turn                l - +5 ring of evasion
MPRegen 0.11/turn                t - ring of protection from cold

@: no status effects
A: sickness immunity, AC +5, negative energy resistance 1, electricity
resistance, torment resistance 1, petrification resistance
a: Evoke Blink


You were on level 5 of the Dungeon.
You visited 1 branch of the dungeon, and saw 6 of its levels.

You collected 184 gold pieces.

Inventory:

Hand Weapons
 a - the +10 hammer "Suiham" (weapon) {freeze, +Blink}
   (You found it on level 2 of the Dungeon)

   +Blink:    It lets you blink.
Missiles
 g - 57 stones (quivered)
 m - a throwing net
Armour
 b - a +0 scale mail (worn)
 c - a +0 buckler (worn)
 e - a +0 cloak (worn)
 k - a +0 pair of boots (worn)
Jewellery
 l - a +5 ring of evasion (left hand)
 t - a ring of protection from cold (right hand)
Wands
 A - a wand of flame (14)
Scrolls
 h - a scroll of fear {unknown}
 i - 5 scrolls of identify {unknown}
 n - a scroll of vulnerability {unknown}
 q - 2 scrolls of teleportation {unknown}
 r - a scroll of noise {unknown}
 s - a scroll of silence {unknown}
 v - 2 scrolls of poison {unknown}
 w - a scroll of immolation {unknown}
 x - 2 scrolls of amnesia {unknown}
 y - a scroll of butterflies {unknown}
 B - a scroll of blinking {unknown}
Potions
 f - a potion of degeneration {unknown}
 j - 2 potions of heal wounds {unknown}
 o - 2 potions of flight {unknown}
 p - a potion of curing
 u - a potion of brilliance {unknown}
 z - 2 potions of mutation {unknown}


   Skills:
 - Level 3.8 Fighting
 + Level 9.7 Maces & Flails
 - Level 3.7 Armour
 - Level 3.7 Shields


You had 7 spell levels left.
You didn't know any spells.
Your spell library contained the following spells:

 Spells                   Type           Power      Damage    Failure   Level
 Sting                    Tmut/Pois      0%         1d3       80%         1
 Ensorcelled Hibernation  Hex/Ice        0%         N/A       90%         2
 Passwall                 Tmut/Erth      0%         N/A       90%         2
 Poisonous Vapours        Pois/Air       0%         N/A       90%         2
 Ozocubu's Armour         Ice            0%         N/A       99%         3
 Spider Form              Tmut/Pois      0%         N/A       99%         3
 Swiftness                Air            0%         N/A       99%         3
 Anguish                  Hex/Necr       0%         N/A       100%        4
 Olgreb's Toxic Radiance  Pois           0%         N/A       100%        4
 Ozocubu's Refrigeration  Ice            0%         4d7       100%        7


Dungeon Overview and Level Annotations

Branches:
Dungeon (6/15)
 Temple: D:4-7

Altars:
Elyvilon
Makhleb
Qazlal
Ru
Zin
The Shining One


Innate Abilities, Weirdness & Mutations

You are immune to sickness and miasma.
Your stone body is resilient. (AC +5)
You are immune to poison.
You resist negative energy. (rN+)
You are resistant to electric shocks. (rElec)
You are resistant to unholy torment.
You are immune to petrification.


Message History

You block the water moccasin's attack.
The steam dragon bites you but does no damage.
The steam dragon claws you but does no damage.
The water moccasin barely misses you.
You hit the steam dragon. You freeze the steam dragon.
The steam dragon is moderately wounded.
You are engulfed in a cloud of scalding steam.
The steam dragon completely misses you.
The steam dragon claws you but does no damage.
The water moccasin misses you.
There is a stone staircase leading up here.
You are engulfed in a cloud of scalding steam.
* * * LOW HITPOINT WARNING * * *
You block the water moccasin's attack. The steam dragon breathes steam at you.
The ball of steam hits you.
* * * LOW HITPOINT WARNING * * *
The water moccasin bites you but does no damage.
You climb upwards.
There is a stone staircase leading down here.
Okay, then.
You closely miss the steam dragon.
The steam dragon is moderately wounded.
You block the water moccasin's attack. The steam dragon breathes steam at you.
The ball of steam misses you.
You completely miss the steam dragon.
The steam dragon is moderately wounded.
You are engulfed in a cloud of scalding steam.
* * * LOW HITPOINT WARNING * * *
The water moccasin misses you. The steam dragon misses you.
You block the steam dragon's attack. The water moccasin bites you.
* * * LOW HITPOINT WARNING * * *
You sock the steam dragon! You freeze the steam dragon.
The steam dragon is severely wounded.
You are engulfed in a cloud of scalding steam.
* * * LOW HITPOINT WARNING * * *
The steam dragon breathes steam at you. The ball of steam hits you.
You die...

#..##### #.# #.#.#.#
##.....### #.# #.#<#.#
#####...### #.#
##.###)## ###...# #.#
#.......# ###.## ##.#
#########
###..######..#
#######........##.##
#.........§.§..#..#####
#..........§§@D'......#
#.........§§S..######.#
#######........# #.#
#........# #.#
#........# #.#
#........# #.#
########## #.# #8###8#
#.# ##8...8...8## #.#


You could see a steam dragon (catching breath) and a water moccasin.

Vanquished Creatures
  Pikel (D:5)
  Menkaure (D:5)
  Edmund (D:5)
  An ogre (D:4)
  A centaur (D:5)
  A lemure (D:5)
  A scorpion (D:5)
  Crazy Yiuf (D:2)
  A hound (D:4)
  Jessica (D:3)
  An iguana (D:5)
  Robin (D:3)
  3 gnolls
  4 adders
  A white imp (D:5)
  3 worms
  2 dart slugs (D:2)
  An orc (D:5)
  10 endoplasms
  7 giant cockroaches
  12 goblins
  18 hobgoblins
  A quokka (D:4)
  9 ball pythons
  6 bats
  6 frilled lizards (D:1)
  12 kobolds
  4 rats (D:1)
111 creatures vanquished.

Notes
Turn   | Place    | Note
-------+----------+-------------------------------------------
     0 | D:1      | mandoloar the Gargoyle Fighter began the quest for the Orb.
     0 | D:1      | Reached XP level 1. HP: 14/14 MP: 1/1
    85 | D:1      | Reached XP level 2. HP: 18/19 MP: 2/2
   133 | D:1      | Reached XP level 3. HP: 14/23 MP: 3/3
   796 | D:2      | Reached XP level 4. HP: 28/29 MP: 4/4
   907 | D:2      | Found a runed translucent door.
   922 | D:2      | Noticed Crazy Yiuf
   924 | D:2      | Identified the +10 hammer "Suiham" {freeze, +Blink}
   931 | D:2      | Killed Crazy Yiuf
   932 | D:2      | Reached skill level 3 in Maces & Flails
   943 | D:2      | Identified the +2 hammer "Poah" {heavy, rN+ Str-3 Int+2
                  | Dex+2}
  1564 | D:3      | Reached skill level 4 in Maces & Flails
  1564 | D:3      | Reached XP level 5. HP: 33/33 MP: 5/5
  1592 | D:3      | Noticed Robin
  1619 | D:3      | Killed Robin
  1761 | D:3      | Identified the +10 sling of Trog's Outrage {flame, rElec
                  | Dex+2}
  1891 | D:3      | Found a sacrificial altar of Ru.
  1905 | D:3      | Noticed Jessica
  1910 | D:3      | Killed Jessica
  2027 | D:3      | Found a white marble altar of Elyvilon.
  2028 | D:3      | Found a glowing golden altar of the Shining One.
  2031 | D:3      | Found a glowing silver altar of Zin.
  2084 | D:4      | Reached skill level 5 in Maces & Flails
  2184 | D:4      | Found a burning altar of Makhleb.
  2349 | D:4      | Reached XP level 6. HP: 38/38 MP: 6/6
  2607 | D:4      | Reached skill level 6 in Maces & Flails
  2733 | D:5      | Entered Level 5 of the Dungeon
  3049 | D:5      | Reached XP level 7. HP: 23/42 MP: 7/7
  3222 | D:5      | Noticed Pikel
  3240 | D:5      | Killed Pikel
  3241 | D:5      | Reached skill level 8 in Maces & Flails
  3241 | D:5      | Reached XP level 8. HP: 37/48 MP: 8/8
  3331 | D:5      | Noticed Menkaure
  3337 | D:5      | Killed Menkaure
  3338 | D:5      | Reached skill level 9 in Maces & Flails
  3502 | D:5      | Found a stormy altar of Qazlal.
  3816 | D:5      | Noticed Edmund
  3846 | D:5      | Killed Edmund
  4191 | D:5      | Killed from afar by a steam dragon

Illustrated notes

Levels and vault maps discovered:
D:1:      lemuel_arrival_rhombus, layout_rooms, minmay_octomino_e4
D:2:      layout_loops_ring, uniq_crazy_yiuf_cottage
D:3:      layout_basic, good_gods_temple_1, mainiacjoe_overflow_six_doors_small,
          roderic_nine_men_s_morris, uniq_robin, uniq_jessica
D:4:      layout_basic, mainiacjoe_overflow_alcove_4, minmay_cut_off
D:5:      layout_basic, nicolae_overflow_hidden_temple, grunt_ministairs_10,
          uniq_edmund, uniq_pikel, uniq_menkaure
D:6:      layout_loops_corners, nicolae_hepliaklqana_hazy_memory,
          nicolae_ossuary_entry_plus, grunt_decor_clamped

Skill      XL: |  1  2  3  4  5  6  7  8 |
---------------+-------------------------+-----
Maces & Flails | 4 5 6 8 9 |  9.7
Fighting       | |  3.8
Armour         | |  3.7
Shields        | |  3.7

Action                   |  1- 3 |  4- 6 |  7- 9 || total
-------------------------+-------+-------+-------++-------
Melee: Flail             |   131 |     2 |       ||   133
       Mace              |       |    99 |    50 ||   149
Throw: Stone             |     1 |     6 |     1 ||     8
  Use: Potion            |       |       |     1 ||     1
Armor: Scale mail        |    87 |    25 |    20 ||   132
Dodge: Dodged            |    89 |    56 |    26 ||   171
Block: Buckler           |    32 |    12 |    10 ||    54

Table legend: (Time is in decaauts)
 A = Elapsed time spent in this place.
 B = Non-inter-level travel time spent in this place.
 C = Inter-level travel time spent in this place.
 D = Time resting spent in this place.
 E = Time spent auto-exploring this place.
 F = Levels seen in this place.
 G = Mean time per level.
                   A        B        C        D        E       F      G
               +--------+--------+--------+--------+--------+-----+--------+
         Total |   4254 |   3980 |    274 |    564 |   2587 |   6 |  709.0 |
       Dungeon |   4254 |   3980 |    274 |    564 |   2587 |   6 |  709.0 |
               +--------+--------+--------+--------+--------+-----+--------+

Top non-repeatable levels by time:
     D:5: 1331 daAuts
     D:4: 779 daAuts
     D:1: 774 daAuts
     D:2: 771 daAuts
     D:3: 585 daAuts
     D:6: 12 daAuts
